 Dungeon Crawl Stone Soup version 0.21-a0-271-ge7f0487 (webtiles) character file.

308 Lavandula the Ruffian (level 6, -8/49 HPs)
             Began as a Ghoul Warper on Sept 15, 2017.
             Was a Follower of Cheibriados.
             Mangled by Eustachio
             ... wielding a +3 rapier of draining
              (10 damage)
             ... on level 4 of the Dungeon.
             The game lasted 00:08:19 (1176 turns).

Lavandula the Ruffian (Ghoul Warper)                Turns: 1176, Time: 00:08:21

Health: -8/49      AC:  1    Str: 19      XL:     6   Next: 40%
Magic:  3/7        EV: 11    Int: 10      God:    Cheibriados [*.....]
Gold:   21         SH:  0    Dex:  6 (10) Spells: 4/8 levels left

rFire    . . .     SeeInvis .     - Unarmed
rCold    + . .     Gourm    .   (no shield)
rNeg     + + +     Faith    .   a - +0 leather armour
rPois    ∞         Spirit   .   (no helmet)
rElec    .         Reflect  .   (no cloak)
rCorr    .         Harm     .   (no gloves)
MR       .....                  (no boots)
Stlth    +.........             (no amulet)
HPRegen  0.00/turn              m - ring of wizardry
MPRegen  0.10/turn              h - -2 ring of protection (curse)

@: rotting, very slow
A: rotting body, claws 1, carnivore 3, cold resistance 1, negative energy
resistance 3, inhibited regeneration, torment resistance, unbreathing
a: Bend Time, Renounce Religion


You were on level 4 of the Dungeon.
You worshipped Cheibriados.
Cheibriados was aware of your devotion.
You were not hungry.

You visited 1 branch of the dungeon, and saw 4 of its levels.

You collected 21 gold pieces.

Inventory:

Missiles
 d - 5 tomahawks of dispersal (quivered)
 k - 2 javelins
Armour
 a - a +0 leather armour (worn)
Jewellery
 e - an uncursed ring of stealth
 h - a cursed -2 ring of protection (right claw)
 m - a ring of wizardry (left claw)
Wands
 g - a wand of iceblast (12/15)
Scrolls
 c - a scroll of blinking
 l - a scroll of teleportation
Potions
 j - 2 potions of curing {unknown}
Books
 b - a book of Spatial Translocations

   Spells                             Type                      Level
   a - Blink                          Translocation                2
   b - Shroud of Golubria             Charms/Translocation         2
   c - Lesser Beckoning               Translocation                3
   d - Gell's Gravitas                Translocation                3
   e - Teleport Other                 Translocation                3
   f - Passage of Golubria            Translocation                4
Comestibles
 f - 5 meat rations


   Skills:
 - Level 2.3 Fighting
 - Level 1.0 Throwing
 - Level 0.8 Armour
 - Level 1.7 Dodging
 - Level 1.3 Stealth
 + Level 6.9 Unarmed Combat
 - Level 1.8 Spellcasting
 - Level 2.6 Translocations


You had 4 spell levels left.
You knew the following spells:

 Your Spells              Type           Power        Failure   Level  Hunger
a - Blink                 Tloc           N/A          8%          2    ###....
b - Shroud of Golubria    Chrm/Tloc      #.........   13%         2    ###....


Dungeon Overview and Level Annotations

Branches:
Dungeon (4/15)
 Temple: D:4-7

Altars:
Cheibriados
Sif Muna

Annotations:
D:4 Eustachio; Heronymous's ghost, amateur DsMo


Innate Abilities, Weirdness & Mutations

Your body is rotting away.
You thrive on raw meat.
You are immune to poison.
You have sharp fingernails.
You are carnivorous and can eat meat at any time.
Your flesh is cold resistant. (rC+)
You are immune to negative energy. (rN+++)
You do not regenerate when monsters are visible.
You are immune to unholy pain and torment.
You can survive without breathing.


Message History

Eustachio gestures wildly while chanting.
You scratch Eustachio.
Eustachio is severely wounded.
Eustachio hits you with a rapier of draining.
* * * LOW HITPOINT WARNING * * *
You claw Eustachio!
Eustachio is almost dead.
Eustachio hits you with a rapier of draining.
* * * LOW HITPOINT WARNING * * *
You barely miss Eustachio.
Eustachio is almost dead.
The ufetubus closely misses you. The ufetubus barely misses you.
You closely miss Eustachio.
Eustachio is almost dead.
The ufetubus hits you.
* * * LOW HITPOINT WARNING * * *
The ufetubus hits you.
* * * LOW HITPOINT WARNING * * *
Eustachio hits you with a rapier of draining!
You die...

....# #....# %...# #....#
....# #....# ....#
#....##+#
+##########....#..######
........#....#........
S.......#....#........
#### #....#....@55......
....##....#....#@..##..
..........#....#...#
..........#r@..#...#
..........'....#.....
..........#...#####...
....(.....#...#...#######
..#########...#.).()...(#
. #.......#...#<....#
#.......#####5r...#


You could see Eustachio, an iron imp and an ufetubus.

Vanquished Creatures
  2 ogres (D:4)
  7 adders
  An ooze (D:2)
  3 worms
  A dart slug (D:2)
  A leopard gecko (D:1)
  6 orcs (D:3)
  A ball python (D:2)
  4 bats
  10 goblins
  5 hobgoblins
  2 jackals (D:3)
  4 kobolds
  3 quokkas (D:3)
  A frilled lizard (D:3)
  4 rats
55 creatures vanquished.

Notes
Turn   | Place    | Note
-------+----------+-------------------------------------------
     0 | D:1      | Lavandula the Ghoul Warper began the quest for the Orb.
     0 | D:1      | Reached XP level 1. HP: 17/17 MP: 2/2
    93 | D:1      | Reached skill level 1 in Throwing
   254 | D:2      | Reached XP level 2. HP: 21/25 MP: 3/3
   261 | D:2      | Learned a level 2 spell: Blink
   264 | D:2      | Learned a level 2 spell: Shroud of Golubria
   323 | D:2      | Reached skill level 3 in Unarmed Combat
   394 | D:3      | Reached XP level 3. HP: 23/30 MP: 1/4
   469 | D:3      | Reached skill level 4 in Unarmed Combat
   566 | D:2      | Reached skill level 1 in Stealth
   566 | D:2      | Reached XP level 4. HP: 32/37 MP: 2/5
   567 | D:2      | Found a deep blue altar of Sif Muna.
   754 | D:3      | Found a snail-covered altar of Cheibriados.
   787 | D:3      | Became a worshipper of Cheibriados the Contemplative
   855 | D:3      | Reached skill level 5 in Unarmed Combat
   915 | D:4      | Noticed an ogre
   917 | D:4      | Reached XP level 5. HP: 42/42 MP: 6/6
   942 | D:4      | Killed an ogre
   942 | D:4      | Reached skill level 6 in Unarmed Combat
   978 | D:4      | Noticed Eustachio
   979 | D:4      | Noticed Heronymous's ghost (amateur DsMo)
  1015 | D:3      | Reached * piety under Cheibriados
  1022 | D:3      | Reached XP level 6. HP: 31/49 MP: 7/7
  1176 | D:4      | HP: 2/49 [ufetubus[Eustachio] (2)]
  1176 | D:4      | Mangled by Eustachio

Vault maps used:
D:1:      onia_arrival_larder
D:2:      lemuel_round_altar, first_bread,
          chequers_ecumenical_altar_simple_redux, fedhas_altar_1
D:3:      nicolae_overflow_crystal_walls, minivault_26
D:4:      minmay_temple_entry_statues, hex_large, minmay_ogre_servants,
          uniq_duvessa, uniq_eustachio

Skill      XL: |  1  2  3  4  5 |
---------------+----------------+-----
Throwing       | 1 |  1.0
Unarmed Combat | 3 4 5 6 |  6.9
Stealth        | 1 |  1.3
Fighting       | |  2.3
Armour         | |  0.8
Dodging        | |  1.7
Spellcasting   | |  1.8
Translocations | |  2.6

Action                   |  1- 3 |  4- 6 || total
-------------------------+-------+-------++-------
Melee: Unarmed           |    57 |   178 ||   235
       Punch             |     1 |     1 ||     2
 Cast: Shroud of Golubri |     4 |     7 ||    11
       Blink             |       |     7 ||     7
  Use: Scroll            |     2 |     1 ||     3
 Stab: Sleeping          |     2 |       ||     2
  Eat: Chunk             |    11 |    44 ||    55
Armor: Leather armour    |     6 |    19 ||    25
Dodge: Dodged            |    21 |   104 ||   125

Table legend:
 A = Spawn XP
 B = Non-spawn XP
 C = Spawn XP percentage of total XP
 D = Spawn monster count
 E = Non-spawn monster count
 F = Spawn count percentage of total count
 G = Total turns spent on level
                    A         B        C        D         E        F      G
               +---------+---------+-------+---------+---------+-------+---------
         Total |       0 |     441 |   0.0 |       0 |      55 |   0.0 |  1176
               +---------+---------+-------+---------+---------+-------+---------
           D:1 |       0 |       8 |   0.0 |       0 |       4 |   0.0 |   156
           D:2 |       0 |      58 |   0.0 |       0 |      12 |   0.0 |   374
           D:3 |       0 |     120 |   0.0 |       0 |      29 |   0.0 |   430
           D:4 |       0 |     255 |   0.0 |       0 |      10 |   0.0 |   216
               +---------+---------+-------+---------+---------+-------+---------
